 Dungeon Crawl Stone Soup version 0.18.1-48-g4cf74bf (webtiles) character file.

51 WarriorsX the Magician (level 3, -10/21 HPs)
             Began as a High Elf Wizard on Aug 9, 2016.
             Mangled by Crazy Yiuf
             ... wielding a +2 quarterstaff of chaos
              (12 damage)
             ... on level 2 of the Dungeon.
             The game lasted 00:03:16 (2433 turns).

WarriorsX the Magician (High Elf Wizard)            Turns: 2433, Time: 00:03:18

Health: -10/21     AC:  5    Str:  6    XL:     3   Next: 57%
Magic:  3/10       EV: 12    Int: 22    God:
Gold:   57         SH:  0    Dex: 14    Spells: 1 memorised, 11 levels left

rFire  . . .     SeeInvis .     n - +0 spear
rCold  . . .     Gourm    .     a - +0 robe
rNeg   . . .     Faith    .     (no shield)
rPois  .         Spirit   .     b - +0 hat
rElec  .         Dismiss  .     h - +2 cloak
rCorr  .         Reflect  .     (no gloves)
SustAt .         Harm     .     (no boots)
MR     .....                    (no amulet)
Stlth  ++........               (no ring)
                                (no ring)

@: lethally poisoned (-10 -> -17), slowed, invisible, very slow, not resistant
to hostile enchantments, unstealthy
A: no striking features
a: no special abilities


You were on level 2 of the Dungeon.
You were hungry.

You visited 1 branch of the dungeon, and saw 2 of its levels.

You collected 57 gold pieces.

Inventory:

Hand Weapons
 n - a +0 spear (weapon)
Armour
 a - a +0 robe (worn)
 b - a +0 hat (worn)
 h - a +2 cloak (worn)
Jewellery
 g - an uncursed ring of flight {unknown}
Scrolls
 e - a scroll of fear {unknown}
 f - a scroll of identify {unknown}
 i - a scroll of immolation {unknown}
 k - a scroll of noise {unknown}
 l - a scroll of magic mapping {unknown}
Books
 c - a book of Minor Magic

   Spells                             Type                      Level
   a - Magic Dart                     Conjuration                  1
   b - Blink                          Translocation                2
   c - Call Imp                       Summoning                    2
   d - Repel Missiles                 Charms/Air                   2
   e - Slow                           Hexes                        2
   f - Conjure Flame                  Conjuration/Fire             3
   g - Mephitic Cloud                 Conjuration/Poison/Air       3
Comestibles
 d - a bread ration
 m - a meat ration


   Skills:
 + Level 0.1 Polearms
 - Level 2.1 Dodging
 - Level 2.1 Stealth
 + Level 5.3 Spellcasting
 - Level 1.1 Conjurations
   Level 0.8 Summonings
   Level 1.1 Translocations


You had 11 spell levels left.
You knew the following spells:

 Your Spells              Type           Power        Failure   Level  Hunger
a - Magic Dart            Conj           ##..         10%         1    None


Dungeon Overview and Level Annotations

Branches:
Dungeon (2/15)

Altars:
Cheibriados
Nemelex Xobeh
Pakellas

Annotations:
D:2 Crazy Yiuf


Message History

You are poisoned.
Casting: Magic Dart
Confirm with . or Enter, or press ? or * to list all spells.
Aiming: Magic Dart
Press: ? - help, Shift-Dir - straight line, f/p - Crazy Yiuf
Aim: Crazy Yiuf, wielding a quarterstaff of chaos and wearing a cloak (heavily wounded)
The magic dart hits Crazy Yiuf.
Crazy Yiuf is heavily wounded.
You feel sick.
Crazy Yiuf hits you with a quarterstaff of chaos!
* * * LOW HITPOINT WARNING * * *
You feel yourself slow down.
Drink which item? (? for menu, Esc to quit)
It was a potion of invisibility.
You fade into invisibility!
* * * LOW HITPOINT WARNING * * *
You feel sick.
Crazy Yiuf hits you with a quarterstaff of chaos!
Ouch! That really hurt!
You die...

#. #.# ## #.# #.
#.######## #.
#.#....#.### #.
#....#..#@g# #.
#..)...####.....#
#######. #...).##
#..)# #.....'.
#.##### ###
#.#####. #.#
#.###... #.#
#....... #.######
###########....
#.#....#
#..............
#.#....#
#..............


You could see Crazy Yiuf.

Vanquished Creatures
  2 oozes
  2 worms (D:2)
  A dart slug (D:1)
  A giant gecko (D:1)
  5 bats
  A giant cockroach (D:1)
  4 hobgoblins
  3 giant newts
  6 goblins
  4 kobolds
  4 rats
33 creatures vanquished.

Notes
Turn   | Place    | Note
--------------------------------------------------------------
     0 | D:1      | WarriorsX the High Elf Wizard began the quest for the Orb.
     0 | D:1      | Reached XP level 1. HP: 11/11 MP: 6/6
   144 | D:1      | Reached skill level 4 in Spellcasting
   284 | D:1      | Reached XP level 2. HP: 17/17 MP: 5/8
  1694 | D:2      | Found a faded altar to an unknown god.
  1770 | D:2      | Found an oddly glowing altar of Pakellas.
  1793 | D:2      | Reached XP level 3. HP: 16/21 MP: 7/10
  1860 | D:2      | Reached skill level 5 in Spellcasting
  2216 | D:2      | Found a sparkling altar of Nemelex Xobeh.
  2312 | D:2      | Found a snail-covered altar of Cheibriados.
  2424 | D:2      | Noticed Crazy Yiuf
  2433 | D:2      | Mangled by Crazy Yiuf

Skill      XL: |  1  2  3 |
---------------+----------+-----
Spellcasting   | 4 5 |  5.3
Polearms       | |  0.1
Dodging        | |  2.1
Stealth        | |  2.1
Conjurations   | |  1.1
Summonings     | |  0.8
Translocations | |  1.1

Action                   || total
-------------------------++-------
Melee: Unarmed           ||    23
       Spear             ||    18
 Cast: Magic Dart        ||    97
  Use: Potion            ||     1
  Eat: Chunk             ||     4
Armor: Robe              ||    10
Dodge: Dodged            ||    21
